 Dungeon Crawl Stone Soup version 0.30-a0-528-g8c47a4955b (webtiles) character file.

Game seed: 15320330697926751341

29 drugrobin the Sneak (level 2, 0/25 HPs)
             Began as a Demigod Delver on Dec 24, 2022.
             Slain by a crimson imp (1 damage)
             ... summoned by Natasha
             ... on level 2 of the Dungeon.
             The game lasted 00:03:21 (840 turns).

drugrobin the Sneak (Demigod Delver)                 Turns: 840, Time: 00:03:22

Health: 0/25       AC:  6    Str: 13    XL:     2   Next: 81%
Magic:  4/4        EV:  9    Int: 12    God:
Gold:   19         SH:  0    Dex: 15    Spells: 1/1 levels left

rFire   . . .      SeeInvis .      - Unarmed
rCold   . . .      Faith    .    (no shield)
rNeg    . . .      Spirit   .    i - +0 scale mail
rPois   .          Reflect  .    (no helmet)
rElec   .          Harm     .    (no cloak)
rCorr   .          Rampage  .    (no gloves)
Will    .....                    (no boots)
Stlth   +                        (no amulet)
HPRegen 0.24/turn                (no ring)
MPRegen 0.09/turn                (no ring)

@: slowed, very slow
A: high MP 1, forlorn, divine attributes
a: no special abilities


You were on level 2 of the Dungeon.
You visited 1 branch of the dungeon, and saw 5 of its levels.

You collected 19 gold pieces.

Inventory:

Missiles
 j - 3 javelins (quivered)
Armour
 a - a +0 leather armour
 g - a +0 ring mail
 i - a +0 scale mail (worn)
Wands
 f - a wand of digging (3)
Scrolls
 b - a scroll of fog
 c - a scroll of magic mapping
 d - 2 scrolls of fear
 h - a scroll of blinking {unknown}
 k - 3 scrolls of identify {unknown}
 l - a scroll of amnesia {unknown}
 m - a scroll of noise {unknown}
Potions
 e - a potion of haste
 n - a potion of magic {unknown}


   Skills:
 - Level 2.6 Fighting
 - Level 1.7 Dodging
 - Level 4.5 Stealth
 * Level 3.2 Unarmed Combat


You had one spell level left.
You didn't know any spells.
Your spell library was empty.

Dungeon Overview and Level Annotations

Branches:
Dungeon (5/15)
 Temple: D:4-7

Annotations:
D:2 Natasha
D:5 exclusion: orc priest


Innate Abilities, Weirdness & Mutations

You have an increased reservoir of magic. (+10% MP)
You shall have no god before yourself.
Your divine heritage dramatically boosts your attributes as you level up.


Message History

The shadow imp hits you.
The crimson imp hits you but does no damage.
Natasha claws you.
You hit Natasha but do no damage.
Natasha is severely wounded.
The shadow imp closely misses you.
The crimson imp hits you but does no damage.
Natasha claws you.
Unknown command.
You hit Natasha.
Natasha is almost dead.
The shadow imp hits you.
* * * LOW HITPOINT WARNING * * *
The crimson imp hits you.
* * * LOW HITPOINT WARNING * * *
The crimson imp hits you but does no damage.
Natasha casts a spell at you.
You feel yourself slow down.
Unknown command.
Unknown command.
Unknown command.
Unknown command.
Unknown command.
Unknown command.
Okay, then.
Unknown command.
Throw: 4 javelins
Press: ? - help, Q - select action Shift-Dir - straight line, f - Natasha
Aim: Natasha (almost dead, 51% to hit)
You throw a javelin. The javelin barely misses Natasha.
The shadow imp hits you.
* * * LOW HITPOINT WARNING * * *
The crimson imp hits you but does no damage.
The crimson imp hits you.
* * * LOW HITPOINT WARNING * * *
Natasha casts a spell at you.
You feel as though you will be slow longer.
The shadow imp hits you but does no damage.
The crimson imp hits you.
You die...

#.# #.# #.# #.#
########†#
#........#
#.#..^...#
....####5# #.#
#@#
.>.....5h5......
..#.#.#.#.#####
....<#.# #.# ###
# #. #


You could see Natasha, 2 crimson imps and a shadow imp (summoned).

Vanquished Creatures
  A gnoll (D:1)
  A dart slug (D:1)
  3 endoplasms
  A giant cockroach (D:1)
  A goblin (D:4)
  A hobgoblin (D:1)
  2 ball pythons (D:1)
  4 bats
  A frilled lizard (D:2)
  3 kobolds (D:1)
  A rat (D:1)
19 creatures vanquished.

Notes
Turn   | Place    | Note
-------+----------+-------------------------------------------
     0 | D:5      | drugrobin the Demigod Delver began the quest for the Orb.
     0 | D:5      | Reached XP level 1. HP: 18/18 MP: 3/3
     1 | D:5      | Noticed an orc priest
   292 | D:1      | Reached XP level 2. HP: 25/25 MP: 4/4
   825 | D:2      | Noticed Natasha
   840 | D:2      | HP: 1/25 [crimson imp[Natasha] (1)]
   840 | D:2      | Slain by a crimson imp

Illustrated notes

Levels and vault maps discovered:
D:1:      evilmike_arrival_fibonacci_small, layout_rooms
D:2:      layout_basic, uniq_natasha, uniq_sigmund
D:3:      layout_loops_cross
D:4:      layout_loops_ring, mainiacjoe_overflow_tiny_flanked,
          nicolae_shop_self_help
D:5:      layout_loops_ring, nicolae_overflow_squiral, serial_shops,
          nicolae_shop_stone, serial_rivers, chequers_serial_rivers_small_b,
          chequers_serial_rivers_small_b, chequers_serial_rivers_marsh,
          chequers_serial_rivers_micro_a, uniq_ijyb

Skill      XL: |  1  2 |
---------------+-------+-----
Unarmed Combat | 2 3 |  3.2
Fighting       | |  2.6
Dodging        | |  1.7
Stealth        | |  4.5

Action                   || total
-------------------------++-------
Melee: Unarmed           ||    88
       Punch             ||     2
Throw: Javelin           ||     2
 Stab: Sleeping          ||     3
Armor: Leather armour    ||    26
       Scale mail        ||    11
Dodge: Dodged            ||    51

Table legend: (Time is in decaauts)
 A = Elapsed time spent in this place.
 B = Non-inter-level travel time spent in this place.
 C = Inter-level travel time spent in this place.
 D = Time resting spent in this place.
 E = Time spent auto-exploring this place.
 F = Levels seen in this place.
 G = Mean time per level.
                   A        B        C        D        E       F      G
               +--------+--------+--------+--------+--------+-----+--------+
         Total |    837 |    783 |     54 |     53 |    377 |   5 |  167.4 |
       Dungeon |    837 |    783 |     54 |     53 |    377 |   5 |  167.4 |
               +--------+--------+--------+--------+--------+-----+--------+

Top non-repeatable levels by time:
     D:1: 574 daAuts
     D:2: 172 daAuts
     D:3: 55 daAuts
     D:4: 18 daAuts
     D:5: 16 daAuts
